[Event "Titled Tuesday Blitz October 11 Late 2022"]
[White "Aguilar, Juan"]
[Black "Zochowski, Kacper"]
[WhiteFideId "3800091"]
[BlackFideId "1125494"]
[WhiteElo "2399"]
[BlackElo "2292"]
[Result "0-1"]
[Round "09"]
[TimeControl "180+1"]
[Date "2022.10.12"]
[WhiteClock "0:00:01"]
[BlackClock "0:00:06"]

1. d4 d6 2. c4 g6 3. Nc3 Bg7 4. Nf3 Nc6 5. e4 e5 6. Be3 Bg4 7. d5 Nd4 8. h3 Bxf3 9. gxf3 Qh4 10. Nb5 Nxb5 11. cxb5 Ne7 12. Rc1 Rc8 13. Qd2 h6 14. Rg1 g5 15. Qa5 O-O 16. Rxc7 Ng6 17. Qc3 Ra8 18. Rxb7 Nf4 19. Rxa7 Rab8 20. b6 Qh5 21. Rg3 Qg6 22. Ba6 Nh5 23. b7 Nxg3 24. fxg3 Qh5 25. Bf2 Qxh3 26. Qc6 Qh1+ 27. Ke2 Qb1 28. Qxd6 g4 29. fxg4 Qxe4+ 30. Kf1 Qb1+ 31. Kg2 Qxb2 32. Qc6 e4 33. Qb5 Qd2 34. Qb3 Bd4 35. Ra8 Qxf2+ 36. Kh3 Qg1 37. Kh4 Qh1# 0-1


[Site "https://www.chess.com"]

[Event "Titled Tuesday Blitz October 11 Late 2022"]
[White "Alexikov, Alexander"]
[Black "Le Goff, Ronan"]
[WhiteFideId "14103958"]
[BlackFideId "612073"]
[WhiteElo "2222"]
[BlackElo "2276"]
[Result "0-1"]
[Round "09"]
[TimeControl "180+1"]
[Date "2022.10.12"]
[WhiteClock "0:00:20"]
[BlackClock "0:00:41"]

1. e4 e5 2. Nf3 Nc6 3. c3 Nf6 4. d4 exd4 5. e5 Nd5 6. Bb5 d6 7. Qxd4 dxe5 8. Nxe5 Qd6 9. Nxc6 bxc6 10. Ba4 Qe6+ 11. Kd1 Qg4+ 12. Qxg4 Bxg4+ 13. f3 O-O-O 14. fxg4 Nxc3+ 15. Kc2 Nxa4 16. Be3 Be7 17. Rf1 Bf6 18. Nc3 Nxc3 19. bxc3 Rhe8 20. Rae1 Re4 21. g5 Be5 22. Rxf7 Re8 23. Kd3 Bxh2 24. Rf3 Bd6 25. Ref1 Ra4 26. R1f2 Re5 27. Rf7 Rd5+ 28. Kc2 Rxa2+ 29. Kb1 Rxf2 30. Bxf2 Rxg5 31. Bxa7 Rxg2 32. Bd4 g5 33. Rxh7 g4 34. Rg7 Kb7 35. Kc1 Ka6 36. Kd1 g3 37. Ke1 Kb5 38. Kf1 Ra2 39. Rg5+ Kc4 40. Be5 Bxe5 41. Rxe5 Rf2+ 42. Kg1 Rf3 43. Re7 Rxc3 44. Rxc7 Kb3 45. Kg2 c5 46. Rb7+ Kc2 47. Rc7 c4 48. Rc6 Kb3 49. Rb6+ Ka4 50. Rc6 Kb5 51. Rc8 Rd3 52. Rb8+ Ka4 53. Rc8 Kb3 54. Rb8+ Kc2 55. Ra8 c3 56. Ra2+ Kb3 57. Ra8 c2 58. Rb8+ Kc3 59. Kf1 c1=Q+ 0-1


[Site "https://www.chess.com"]

[Event "Titled Tuesday Blitz October 11 Late 2022"]
[White "Ardila, Oscar Humberto"]
[Black "Krzywda, Andrzej"]
[WhiteFideId "4404742"]
[BlackFideId "1114565"]
[WhiteElo "1898"]
[BlackElo "2149"]
[Result "1/2-1/2"]
[Round "09"]
[TimeControl "180+1"]
[Date "2022.10.12"]
[WhiteClock "0:01:24"]
[BlackClock "0:00:32"]

1. d4 Nf6 2. c4 e6 3. Nc3 Bb4 4. Bd2 O-O 5. Nf3 d5 6. e3 Nc6 7. Be2 Re8 8. O-O Bf8 9. Rc1 a6 10. Ne5 Nxe5 11. dxe5 Nd7 12. f4 dxc4 13. Bxc4 b5 14. Bd3 Bb7 15. Qh5 g6 16. Qe2 c5 17. Be4 Qb6 18. Qf3 Rab8 19. Bxb7 Qxb7 20. Qxb7 Rxb7 21. Ne4 c4 22. Ba5 Rc8 23. Rfd1 Be7 24. Kf2 Nc5 25. Nd6 Bxd6 26. Rxd6 Ne4+ 27. Kf3 Nxd6 28. exd6 b4 29. Bc7 Rbxc7 30. dxc7 Rxc7 31. e4 Kf8 32. Ke3 Ke7 33. Kd4 Rd7+ 34. Ke3 Rc7 35. Kd4 Rd7+ 36. Ke3 Rd3+ 37. Ke2 Rd4 38. Ke3 e5 39. fxe5 Rd3+ 40. Ke2 Rd4 41. Ke3 Rd3+ 42. Ke2 Rd4 43. Ke3 1/2-1/2


[Site "https://www.chess.com"]

[Event "Titled Tuesday Blitz October 11 Late 2022"]
[White "Aung Thant Zin"]
[Black "Ovezdurdyyeva, Jemal"]
[WhiteFideId "13000063"]
[BlackFideId "14001888"]
[WhiteElo "2278"]
[BlackElo "1961"]
[Result "0-1"]
[Round "09"]
[TimeControl "180+1"]
[Date "2022.10.12"]
[WhiteClock "0:00:07"]
[BlackClock "0:00:47"]

1. e4 d6 2. d4 Nf6 3. Nc3 g5 4. Bxg5 h6 5. Bxf6 exf6 6. Nf3 Bg4 7. Be2 Nc6 8. Nh4 Bxe2 9. Nxe2 d5 10. exd5 Qxd5 11. c3 O-O-O 12. Qc2 Kb8 13. Qf5 Qc4 14. b3 Qa6 15. c4 Bb4+ 16. Kf1 Nxd4 17. Nxd4 Rxd4 18. Nf3 Rd6 19. g3 Rhd8 20. Kg2 Qc6 21. a3 Bc3 22. Rac1 Rd3 23. b4 Bb2 24. b5 Qb6 25. Rce1 Bxa3 26. Qxd3 Bd6 27. Re4 f5 28. Re2 f4 29. Rd1 h5 30. Qd5 Rh8 31. c5 Qxc5 32. Qxc5 Bxc5 33. gxf4 h4 34. Kh3 a6 35. Ne5 Ka7 36. Nd7 Bd6 37. Rc2 Bxf4 38. Re1 Rd8 39. Re7 f5 40. Rf7 Bd6 0-1


[Site "https://www.chess.com"]

[Event "Titled Tuesday Blitz October 11 Late 2022"]
[White "Averjanov, Alexey"]
[Black "Bilych, Olexiy"]
[WhiteFideId "14109867"]
[BlackFideId "14156504"]
[WhiteElo "2664"]
[BlackElo "2320"]
[Result "0-1"]
[Round "09"]
[TimeControl "180+1"]
[Date "2022.10.11"]
[WhiteClock "0:00:12"]
[BlackClock "0:00:11"]

1. d4 Nf6 2. c4 e6 3. Nf3 d5 4. e3 Be7 5. Nbd2 O-O 6. Bd3 c5 7. b3 cxd4 8. exd4 b6 9. Bb2 Bb7 10. O-O Nc6 11. Qe2 Rc8 12. Rac1 Nb4 13. Bb1 Nc6 14. Rfd1 Re8 15. h3 Bf8 16. Qe3 g6 17. Ne5 Bg7 18. Ndf3 Rc7 19. Bd3 Nxe5 20. Nxe5 dxc4 21. bxc4 Qa8 22. Bf1 Rd8 23. Rd2 Nd7 24. Nd3 Rdc8 25. Rdc2 b5 26. c5 a5 27. Nf4 b4 28. Bc4 Nf6 29. Qb3 Kh8 30. f3 Rd8 31. Qe3 Nd5 32. Nxd5 Bxd5 33. Bxd5 Qxd5 34. a3 Bxd4 35. axb4 axb4 36. c6 Kg8 37. Bxd4 Qxd4 38. Qxd4 Rxd4 39. Kf2 b3 40. Rb2 Rb4 41. Rc3 Rb6 42. Rbxb3 Rxb3 43. Rxb3 Rxc6 44. h4 h5 45. Kg3 Kg7 46. Rb5 Rc4 47. Ra5 Kf6 48. Rb5 e5 49. Rb7 Ke6 50. Ra7 Rf4 51. Ra6+ Kf5 52. Ra7 Kf6 53. Ra6+ Kg7 54. Ra5 Rf5 55. Ra7 Rf6 56. Re7 Re6 57. Rxe6 fxe6 58. Kf2 Kf6 59. Ke3 Kf5 60. g3 g5 61. hxg5 Kxg5 62. Ke4 Kf6 63. Kd3 Kf5 64. Ke3 e4 65. fxe4+ Kg4 66. Kf2 Kh3 67. Kf3 e5 68. Kf2 Kh2 69. Kf3 Kg1 70. g4 h4 71. g5 h3 72. g6 h2 73. Kg4 h1=Q 74. Kf5 Qg2 75. Kf6 Qxe4 76. g7 Qg4 77. g8=Q Qxg8 0-1


[Site "https://www.chess.com"]

[Event "Titled Tuesday Blitz October 11 Late 2022"]
[White "Balkum, Alexander"]
[Black "Kavutskiy, Konstantin"]
[WhiteFideId "2005069"]
[BlackFideId "2026384"]
[WhiteElo "2320"]
[BlackElo "2338"]
[Result "0-1"]
[Round "09"]
[TimeControl "180+1"]
[Date "2022.10.12"]
[WhiteClock "0:00:12"]
[BlackClock "0:00:32"]

1. e4 Nc6 2. d4 d6 3. Nc3 Nf6 4. f3 g6 5. Be3 Bg7 6. Qd2 e5 7. d5 Ne7 8. O-O-O h5 9. Kb1 O-O 10. h3 Bd7 11. g4 c6 12. dxc6 bxc6 13. Qxd6 Nc8 14. Qd2 Nb6 15. g5 Nh7 16. h4 Rb8 17. Bc5 Re8 18. b3 Nf8 19. Bh3 Bxh3 20. Nxh3 Qc8 21. Nf2 Ne6 22. Be3 Nc4 23. Qe2 Nxe3 24. Qxe3 Nd4 25. Nd3 c5 26. Nd5 c4 27. Nb2 cxb3 28. cxb3 Qc2+ 29. Ka1 Re6 30. Rd3 Ra6 31. Rxd4 exd4 32. Qd3 Qxd3 33. Nxd3 Rxb3 0-1


[Site "https://www.chess.com"]

[Event "Titled Tuesday Blitz October 11 Late 2022"]
[White "Ballester Llagaria, Luis Eduardo"]
[Black "Aldokhin, Ivan"]
[WhiteFideId "2297620"]
[BlackFideId "24115720"]
[WhiteElo "2344"]
[BlackElo "2313"]
[Result "1-0"]
[Round "09"]
[TimeControl "180+1"]
[Date "2022.10.12"]
[WhiteClock "0:00:59"]
[BlackClock "0:00:46"]

1. e4 c5 2. Nc3 e6 3. Nf3 a6 4. d4 cxd4 5. Nxd4 Qc7 6. Bd3 Nf6 7. Qe2 Bd6 8. Nf3 Nc6 9. O-O b5 10. Re1 Ng4 11. h3 h5 12. hxg4 hxg4 13. e5 Bc5 14. Ne4 gxf3 15. Qxf3 Nxe5 16. Qg3 Bf8 17. Bf4 d6 18. Nxd6+ Bxd6 19. Bxe5 Bxe5 20. Rxe5 Kf8 21. Rh5 1-0


[Site "https://www.chess.com"]

[Event "Titled Tuesday Blitz October 11 Late 2022"]
[White "Baltaci, Ismail Tarik"]
[Black "Ibadov, Dashgyn"]
[WhiteFideId "6365213"]
[BlackFideId "24107514"]
[WhiteElo "2371"]
[BlackElo "2208"]
[Result "0-1"]
[Round "09"]
[TimeControl "180+1"]
[Date "2022.10.12"]
[WhiteClock "0:00:20"]
[BlackClock "0:00:13"]

1. e4 c5 2. Nc3 Nc6 3. Nf3 d6 4. d4 cxd4 5. Nxd4 Nf6 6. Be2 e6 7. O-O Be7 8. Be3 O-O 9. Kh1 Nxd4 10. Qxd4 Qc7 11. f4 Rd8 12. Rad1 a6 13. Qb6 Qxb6 14. Bxb6 Re8 15. a4 e5 16. fxe5 dxe5 17. Bc4 Bg4 18. Rd3 Rac8 19. Bd5 Nxd5 20. Rxd5 f6 21. h3 Be6 22. Rdd1 Bb4 23. Rf3 Kf7 24. a5 Rc4 25. Re3 Rec8 26. Nd5 Bxd5 27. Rxd5 Rxc2 28. Rd7+ Ke6 29. Rxb7 Rc1+ 30. Kh2 Bd2 31. Rd3 Bf4+ 32. Rg3 h5 33. h4 g5 34. Kh3 Rh1# 0-1


[Site "https://www.chess.com"]

[Event "Titled Tuesday Blitz October 11 Late 2022"]
[White "Barash, Anton"]
[Black "Romero Ruscalleda, Josep"]
[WhiteFideId "30935229"]
[BlackFideId "2231859"]
[WhiteElo "2277"]
[BlackElo "2353"]
[Result "1/2-1/2"]
[Round "09"]
[TimeControl "180+1"]
[Date "2022.10.12"]
[WhiteClock "0:00:05"]
[BlackClock "0:00:40"]

1. e4 g6 2. d4 Bg7 3. Nc3 d6 4. f4 a6 5. Nf3 b5 6. Bd3 Nd7 7. e5 Nh6 8. Ne4 O-O 9. O-O c5 10. exd6 cxd4 11. Kh1 Bb7 12. Qe1 Nf5 13. dxe7 Qxe7 14. Bd2 Rfe8 15. Neg5 Ne3 16. Rf2 h6 17. Nh3 Qf6 18. Re2 Bxf3 19. gxf3 Nc5 20. Bxe3 Nxd3 21. cxd3 dxe3 22. Rxe3 Rxe3 23. Qxe3 Qxb2 24. Re1 Qxa2 25. Qe4 Rd8 26. f5 Qd5 27. fxg6 fxg6 28. Nf4 Qxe4 29. dxe4 Rf8 30. Nd5 Rxf3 31. e5 Rd3 32. e6 Bf8 33. e7 Bxe7 34. Nxe7+ Kf7 35. Nc6 Rc3 36. Nb4 a5 37. Nd5 Rc2 38. Ra1 a4 39. Kg1 Rc5 40. Ne3 Rc3 41. Kf2 Ke6 42. Ke2 Ke5 43. Kd2 Rb3 44. Nc2 Ke4 45. Re1+ Kd5 46. Rg1 a3 47. Ra1 b4 48. Ra2 Rb2 49. Ra1 Kc4 50. Kd1 Kb3 51. Nd4+ Kc3 52. Ne2+ Rxe2 53. Kxe2 Kb2 54. Rg1 a2 55. Kd3 a1=Q 56. Rxa1 Kxa1 57. Kc4 Kb1 58. Kxb4 Kc2 59. Kc4 Kd2 60. Kd4 Ke2 61. Ke5 Kf3 62. Kf6 g5 63. Kg6 g4 64. Kxh6 Kg2 65. Kg5 Kh3 66. Kh5 g3 67. hxg3 Kxg3 1/2-1/2


[Site "https://www.chess.com"]

[Event "Titled Tuesday Blitz October 11 Late 2022"]
[White "Barria Zuniga, Daniel"]
[Black "Jean Louis, Marckens"]
[WhiteFideId "3400816"]
[BlackFideId "11900270"]
[WhiteElo "2414"]
[BlackElo "2030"]
[Result "1-0"]
[Round "09"]
[TimeControl "180+1"]
[Date "2022.10.11"]
[WhiteClock "0:01:21"]
[BlackClock "0:00:14"]

1. d4 Nf6 2. c4 e6 3. Nf3 d5 4. Nc3 Be7 5. Bg5 O-O 6. Qc2 c6 7. e3 Re8 8. O-O-O dxc4 9. Bxc4 b5 10. Bd3 h6 11. Bxf6 Bxf6 12. Kb1 Na6 13. h4 Nb4 14. Qe2 Nxd3 15. Qxd3 b4 16. Ne4 a5 17. g4 Ba6 18. Qc2 b3 19. axb3 a4 20. bxa4 Qd5 21. g5 Be7 22. gxh6 f5 23. Neg5 gxh6 24. e4 Qd6 25. Rdg1 hxg5 26. Nxg5 Bxg5 27. Rxg5+ Kf7 28. exf5 Qxd4 29. Rd1 Qf6 30. fxe6+ Kf8 31. Qc5+ Re7 32. Rf5 Kg7 33. Rxf6 Kxf6 34. Qg5+ Kxe6 35. Re1+ Kd6 36. Qxe7+ 1-0


[Site "https://www.chess.com"]

[Event "Titled Tuesday Blitz October 11 Late 2022"]
[White "Besedes, Danilo"]
[Black "Aghasiyev, Kamal"]
[WhiteFideId "946796"]
[BlackFideId "13402854"]
[WhiteElo "2541"]
[BlackElo "2629"]
[Result "1/2-1/2"]
[Round "09"]
[TimeControl "180+1"]
[Date "2022.10.12"]
[WhiteClock "0:00:06"]
[BlackClock "0:00:10"]

1. d4 d5 2. Bf4 Nf6 3. e3 c5 4. c3 Qb6 5. Na3 a6 6. Qb3 Qa5 7. Nf3 Nc6 8. Be2 e6 9. O-O c4 10. Qc2 Bxa3 11. bxa3 O-O 12. Qb2 Ne4 13. Rfc1 b5 14. Bd1 Kh8 15. Rab1 Bd7 16. a4 bxa4 17. Qa3 f6 18. Qxa4 Qxa4 19. Bxa4 g5 20. Bg3 h5 21. Rb6 Rfc8 22. h3 Nxg3 23. fxg3 Rab8 24. Rcb1 Rxb6 25. Rxb6 Rb8 26. Rxc6 Bxc6 27. Bxc6 Kg7 28. a4 Rb1+ 29. Kf2 Rc1 30. e4 dxe4 31. Bxe4 Rxc3 32. Ne1 Ra3 33. Bc2 Kf7 34. Nf3 Ke7 35. Ke2 Kd6 36. Kd2 Ra2 37. Kc3 Kd5 38. Nd2 Ra3+ 39. Kb4 Rxg3 40. Be4+ Kxd4 41. Bf3 c3 42. Nb3+ Kd3 43. Nc5+ Kc2 44. Ne4 Rxf3 45. gxf3 f5 46. Nxc3 g4 47. fxg4 fxg4 48. hxg4 hxg4 49. Ne4 e5 50. Ka5 Kb3 51. Kxa6 Kxa4 52. Kb6 Kb4 53. Kc6 Kc4 54. Kd6 Kd4 55. Ng5 g3 56. Nf3+ Ke3 57. Nxe5 g2 58. Ng4+ Kf4 59. Nf2 Kg3 60. Ne4+ Kg4 61. Nf2+ Kf3 62. Nh3 Kg3 63. Ng1 Kg4 64. Ne2 Kf3 65. Ng1+ Kf2 66. Nh3+ Kg3 67. Ng1 Kh2 68. Nf3+ Kg3 69. Ng1 1/2-1/2


[Site "https://www.chess.com"]

[Event "Titled Tuesday Blitz October 11 Late 2022"]
[White "Bilan, Danila"]
[Black "Bjelobrk, Igor"]
[WhiteFideId "24161918"]
[BlackFideId "4300726"]
[WhiteElo "2203"]
[BlackElo "2335"]
[Result "0-1"]
[Round "09"]
[TimeControl "180+1"]
[Date "2022.10.12"]
[WhiteClock "0:00:02"]
[BlackClock "0:01:11"]

1. d4 e6 2. Nf3 c5 3. c4 cxd4 4. Nxd4 Nc6 5. Nc3 Bc5 6. e3 Nf6 7. Be2 O-O 8. O-O d5 9. cxd5 exd5 10. Nxc6 bxc6 11. b3 Re8 12. Bb2 Qe7 13. Bf3 Bd6 14. g3 Bh3 15. Bg2 Bg4 16. Bf3 h5 17. Bxg4 hxg4 18. Ne2 Ne4 19. Nd4 Qd7 20. Rc1 Rac8 21. Qe2 Be5 22. Rc2 Ng5 23. Rd1 Bxd4 24. Bxd4 Nf3+ 25. Kg2 Qf5 26. h4 Qe4 27. Kf1 Nxd4 0-1


[Site "https://www.chess.com"]

[Event "Titled Tuesday Blitz October 11 Late 2022"]
[White "Borawski, Jakub"]
[Black "Vivas Zamora, Fabian Ernesto"]
[WhiteFideId "1143000"]
[BlackFideId "3902480"]
[WhiteElo "2122"]
[BlackElo "2236"]
[Result "1-0"]
[Round "09"]
[TimeControl "180+1"]
[Date "2022.10.12"]
[WhiteClock "0:00:05"]
[BlackClock "0:00:14"]

1. d4 Nf6 2. c4 g6 3. Nc3 d5 4. cxd5 Nxd5 5. Bd2 Bg7 6. e4 Nb6 7. Be3 O-O 8. h3 f5 9. exf5 Bxf5 10. Nf3 Nc6 11. Be2 Nb4 12. Qb3+ N4d5 13. a4 a5 14. O-O Kh8 15. Nb5 Nb4 16. Rac1 c6 17. Na3 Be6 18. Qxe6 N6d5 19. Ng5 Qe8 20. Nc4 Rf5 21. g4 Rf6 22. Qe4 Nc7 23. Bf4 Rxf4 24. Qxf4 Nbd5 25. Qe4 e6 26. Ne5 Qe7 27. Ngf3 Rf8 28. Nd3 Bh6 29. Rc5 Qd6 30. Qe5+ Qxe5 31. Nfxe5 Bg7 32. f4 Kg8 33. Kg2 Ne3+ 34. Kg1 Nxf1 35. Kxf1 Nd5 36. Kg2 Nxf4+ 37. Nxf4 Rxf4 38. Nf3 Re4 39. Kf2 Rf4 40. Ke3 Rf7 41. Rxa5 Rd7 42. Ne5 Rd8 43. Rc5 Bh6+ 44. Ke4 Bf8 45. Rc2 Kg7 46. Bc4 Kf6 47. Rf2+ Ke7 48. Rf7+ Kd6 49. Rxb7 c5 50. Rb6+ Kc7 51. Rc6+ Kb7 52. dxc5 Bg7 53. Rb6+ Kc7 54. b4 Rd1 55. Rc6+ Kb7 56. Rb6+ Kc7 57. Nd3 Re1+ 58. Kf3 Ra1 59. a5 Bc3 60. a6 Rf1+ 61. Ke2 Ra1 62. Rb7+ Kc8 63. Rxh7 Bxb4 64. a7 Bc3 65. Bxe6+ Kd8 66. Rf7 Ke8 67. Rb7 Ra2+ 68. Ke3 Bd2+ 69. Ke4 Bg5 70. Rb8+ Bd8 71. a8=Q Ra4+ 72. Qxa4+ Ke7 73. Qd7+ Kf6 74. Qf7+ Kg5 75. Qf4+ Kh4 76. Rxd8 g5 77. Qf2+ Kxh3 78. Rh8# 1-0


[Site "https://www.chess.com"]

[Event "Titled Tuesday Blitz October 11 Late 2022"]
[White "Buchenau, Frank"]
[Black "P., Komal Kishore"]
[WhiteFideId "4604350"]
[BlackFideId "5016703"]
[WhiteElo "2157"]
[BlackElo "2129"]
[Result "1-0"]
[Round "09"]
[TimeControl "180+1"]
[Date "2022.10.12"]
[WhiteClock "0:01:23"]
[BlackClock "0:01:48"]

1. e4 c6 2. Nf3 d5 3. Nc3 Bg4 4. d4 e6 5. Bd3 Nf6 6. h3 dxe4 7. hxg4 exf3 8. Qxf3 Qxd4 9. g5 Qe5+ 10. Be3 Nd5 11. Nxd5 cxd5 12. O-O-O Nc6 13. g6 Qf6 14. Rxh7 Rg8 15. Qxf6 1-0


[Site "https://www.chess.com"]

[Event "Titled Tuesday Blitz October 11 Late 2022"]
[White "Burke, Paul"]
[Black "Gardezi, Arsal"]
[WhiteFideId "2605767"]
[BlackFideId "30949521"]
[WhiteElo "1905"]
[BlackElo "1906"]
[Result "0-1"]
[Round "09"]
[TimeControl "180+1"]
[Date "2022.10.12"]
[WhiteClock "0:00:03"]
[BlackClock "0:00:35"]

1. e4 e5 2. Nf3 Nc6 3. Bc4 Nf6 4. d3 Bc5 5. O-O O-O 6. a3 d5 7. exd5 Nxd5 8. Nc3 Nb6 9. Ba2 Bg4 10. Be3 Bd4 11. h3 Bh5 12. g4 Bg6 13. Bxd4 exd4 14. Ne4 Bxe4 15. dxe4 h5 16. g5 Qd7 17. g6 Qxh3 18. gxf7+ Kh8 19. Ng5 Qh4 20. f4 Ne5 21. fxe5 Qxg5+ 22. Kh2 Qxe5+ 23. Kh3 Rad8 24. Rf5 Qe6 25. Qxh5+ Qh6 26. Kg4 Nd7 27. Rh1 Kh7 28. Qg5 Qxh1 29. Qh5+ Qxh5+ 30. Rxh5+ Kg6 31. Rg5+ Kf6 32. Rf5+ Ke7 33. e5 g6 34. Rf4 Nxe5+ 0-1


[Site "https://www.chess.com"]

[Event "Titled Tuesday Blitz October 11 Late 2022"]
[White "Carlsen, Magnus"]
[Black "Andreikin, Dmitry"]
[WhiteFideId "1503014"]
[BlackFideId "4158814"]
[WhiteElo "2830"]
[BlackElo "2736"]
[Result "1/2-1/2"]
[Round "09"]
[TimeControl "180+1"]
[Date "2022.10.11"]
[WhiteClock "0:00:09"]
[BlackClock "0:00:04"]

1. g4 d5 2. h3 h5 3. g5 e5 4. d3 Nc6 5. Nc3 Be6 6. Bg2 Qd7 7. a3 Nge7 8. b4 Ng6 9. Nf3 O-O-O 10. e4 dxe4 11. Nxe4 Be7 12. Qe2 f5 13. gxf6 gxf6 14. Bd2 Rhg8 15. Rg1 Bxh3 16. Bxh3 Qxh3 17. O-O-O Qe6 18. Kb2 f5 19. Neg5 Qd5 20. Be3 Bf6 21. c3 a5 22. Nh7 Bh8 23. Nhg5 axb4 24. axb4 Nxb4 25. cxb4 e4+ 26. d4 exf3 27. Qxf3 Qb5 28. Kb3 f4 29. Bc1 Nh4 30. Qxf4 Nf5 31. d5 Rgf8 32. Qc4 Qxc4+ 33. Kxc4 Nd6+ 34. Kb3 Rxf2 35. Ne6 Rf3+ 36. Kc2 Re8 37. Rdf1 Rc3+ 38. Kb1 Rb3+ 39. Kc2 Rc3+ 40. Kb1 Rd3 41. Rg5 Nb5 42. Rf7 Rxd5 43. Nxc7 Nxc7 44. Rxc7+ Kxc7 45. Rxd5 h4 46. Bf4+ Kc6 47. Rc5+ Kd7 48. Rc7+ Ke6 49. Rxb7 Kf5 50. Bd6 Be5 51. Bxe5 Rxe5 52. Kc2 h3 53. Rh7 Kg4 54. Kd3 Rh5 55. Rg7+ Rg5 56. Rh7 Kg3 57. Kc4 h2 58. Rxh2 Kxh2 59. b5 Kg3 60. b6 Kf4 61. b7 Rg8 62. Kc5 Ke5 63. Kc6 Rf8 64. Kc7 Rf7+ 65. Kc6 Rf6+ 66. Kc7 Rf7+ 67. Kc6 Rf8 68. Kc7 Kd5 69. b8=Q Rxb8 70. Kxb8 1/2-1/2


[Site "https://www.chess.com"]

[Event "Titled Tuesday Blitz October 11 Late 2022"]
[White "Clawitter, Craig"]
[Black "Dzierzak, Radoslaw"]
[WhiteFideId "2023105"]
[BlackFideId "1161407"]
[WhiteElo "2237"]
[BlackElo "2111"]
[Result "0-1"]
[Round "09"]
[TimeControl "180+1"]
[Date "2022.10.12"]
[WhiteClock "0:00:08"]
[BlackClock "0:00:34"]

1. e4 c5 2. Nf3 Nc6 3. d4 cxd4 4. Nxd4 Nxd4 5. Qxd4 e6 6. Nc3 a6 7. f4 b5 8. Be3 Bb7 9. Be2 Nf6 10. Bf3 Rc8 11. O-O Bc5 12. Qd3 Qb6 13. Rae1 Bxe3+ 14. Rxe3 b4 15. Nd1 O-O 16. Kh1 d5 17. e5 Ne4 18. Nf2 Rxc2 19. Nxe4 dxe4 20. Rxe4 Bxe4 21. Bxe4 Rf2 22. Bxh7+ Kh8 23. Rc1 g6 24. Bxg6 fxg6 25. Qxg6 Qb7 26. Qh6+ Kg8 27. Qxe6+ Qf7 28. Qg4+ Qg7 29. Qe6+ Kh8 30. Qh3+ Qh7 31. Rc8 Rf1# 0-1


[Site "https://www.chess.com"]

[Event "Titled Tuesday Blitz October 11 Late 2022"]
[White "Curtis, John"]
[Black "Przybylski, Wojciech"]
[WhiteFideId "3200256"]
[BlackFideId "1117599"]
[WhiteElo "2203"]
[BlackElo "2221"]
[Result "0-1"]
[Round "09"]
[TimeControl "180+1"]
[Date "2022.10.12"]
[WhiteClock "0:00:07"]
[BlackClock "0:00:31"]

1. e4 e5 2. Nf3 Nc6 3. Bb5 Nf6 4. Bxc6 dxc6 5. d3 Bd6 6. Nbd2 O-O 7. Nc4 Nd7 8. O-O Re8 9. Nxd6 cxd6 10. d4 exd4 11. Qxd4 Qf6 12. Rd1 Qxd4 13. Rxd4 Nf6 14. Rxd6 Nxe4 15. Rd4 Bg4 16. Be3 Nf6 17. Nd2 Bf5 18. c3 Nd5 19. Nf1 b6 20. Rad1 Bc2 21. R1d2 Bb1 22. a3 h6 23. h3 Bf5 24. c4 Nf6 25. c5 bxc5 26. Ra4 a5 27. Ng3 Be6 28. Bxc5 Bb3 29. Rf4 Re1+ 30. Kh2 Bd5 31. Rfd4 Nd7 32. Bd6 Rae8 33. Nf5 Nf6 34. Ne3 Ne4 35. Nxd5 cxd5 36. Rxd5 Nxd2 37. Rxd2 R1e2 38. Rxe2 Rxe2 39. Bc7 a4 40. Ba5 Rxb2 41. Bb4 Rxb4 42. axb4 a3 43. b5 a2 44. b6 a1=Q 45. b7 Qb1 46. b8=Q+ 0-1


[Site "https://www.chess.com"]

[Event "Titled Tuesday Blitz October 11 Late 2022"]
[White "D`Arruda, Ricardo D."]
[Black "Kaganskiy, Gleb"]
[WhiteFideId "100692"]
[BlackFideId "4132025"]
[WhiteElo "2433"]
[BlackElo "2165"]
[Result "1-0"]
[Round "09"]
[TimeControl "180+1"]
[Date "2022.10.12"]
[WhiteClock "0:00:05"]
[BlackClock "0:00:05"]

1. Nf3 d5 2. b3 Nd7 3. Bb2 e6 4. e3 Ngf6 5. Be2 Bd6 6. O-O e5 7. c4 c6 8. Nc3 O-O 9. cxd5 cxd5 10. Nb5 Bb8 11. Ba3 Re8 12. Nd6 Re6 13. Nxc8 Qxc8 14. Rc1 Qd8 15. Qc2 a6 16. Qc8 Qxc8 17. Rxc8+ Re8 18. Rfc1 Ba7 19. Rxa8 Rxa8 20. Rc7 e4 21. Nd4 Bxd4 22. exd4 b5 23. d3 Nf8 24. dxe4 Nxe4 25. f3 Ne6 26. Rc1 Nxd4 27. Bd3 Nf6 28. Bb2 Ne6 29. Rc6 d4 30. Bf5 Nf4 31. Kf1 Ne6 32. Bxe6 fxe6 33. Rxe6 Kf7 34. Rd6 Rc8 35. Bxd4 Rc2 36. Bxf6 gxf6 37. Rxa6 b4 38. h4 h5 39. Kg1 Kg6 40. Kh2 Rb2 41. Kg3 Rc2 42. Ra4 Rb2 43. Kh3 Rc2 44. Ra6 Kg7 45. g4 Rc3 46. Kg2 Rc2+ 47. Kg3 Rc3 48. Kf4 hxg4 49. fxg4 Rc2 50. h5 Rd2 51. Ra7+ Kh6 52. Rf7 Rc2 53. Rxf6+ Kg7 54. Rg6+ Kh7 55. Ra6 Rb2 56. Kg5 Rf2 57. Ra7+ Kg8 58. Kg6 Rf8 59. Rg7+ Kh8 60. Rf7 Rd8 61. Rf4 Rd6+ 62. Kf5 Rd5+ 63. Ke6 Ra5 64. Rxb4 Rxa2 65. g5 Ra6+ 66. Kf5 Ra5+ 67. Kg4 Kg7 68. h6+ Kg6 69. Rb6+ Kh7 70. Kh5 Ra8 71. g6+ Kh8 72. b4 Rc8 73. Rb7 Rd8 74. Rh7+ Kg8 75. Rf7 Rd5+ 76. Kg4 Rd4+ 77. Kf5 Rxb4 78. h7+ Kh8 79. Rf8+ Kg7 80. h8=Q# 1-0


[Site "https://www.chess.com"]

[Event "Titled Tuesday Blitz October 11 Late 2022"]
[White "Dardha, Arben"]
[Black "Torres Boch, Jose Francisco"]
[WhiteFideId "4700481"]
[BlackFideId "2278383"]
[WhiteElo "2196"]
[BlackElo "2073"]
[Result "0-1"]
[Round "09"]
[TimeControl "180+1"]
[Date "2022.10.12"]
[WhiteClock "0:00:15"]
[BlackClock "0:00:29"]

1. e4 e5 2. d4 exd4 3. Qxd4 Nc6 4. Qe3 Nf6 5. Nc3 Be7 6. Bd2 d5 7. exd5 Nxd5 8. Qg3 Ncb4 9. Nxd5 Qxd5 10. Rc1 O-O 11. c3 Nxa2 12. Rd1 Bd6 13. Qh4 Bf5 14. Nf3 Bc2 15. Ra1 Rfe8+ 16. Be2 Rad8 17. Nd4 Qxg2 18. Rf1 Bd3 19. Rxa2 c5 20. Be3 cxd4 21. Bxd3 dxe3 22. Qxh7+ Kf8 23. Qh8+ Ke7 24. Qh4+ g5 25. Qe4+ Qxe4 26. Bxe4 exf2+ 27. Kxf2 Bxh2 28. Bxb7 Kf8 29. Rxa7 Re7 30. Rfa1 Kg7 31. Bf3 Rd2+ 32. Kf1 Re3 33. Bc6 Re6 34. Bb5 Bg3 35. Rxf7+ Kxf7 36. Bc4 Kf6 37. Bxe6 Kxe6 38. b4 Be5 39. Ra6+ Kf5 40. c4 g4 41. Ke1 Rb2 42. Ra8 g3 43. Rf8+ Ke4 44. Rg8 Ke3 45. c5 Rb1# 0-1


[Site "https://www.chess.com"]

[Event "Titled Tuesday Blitz October 11 Late 2022"]
[White "Domingo Nunez, Ruben"]
[Black "miragha_yev"]
[WhiteFideId "22245570"]
[WhiteElo "2406"]
[BlackElo "2759"]
[Result "1-0"]
[Round "09"]
[TimeControl "180+1"]
[Date "2022.10.11"]
[WhiteClock "0:01:34"]
[BlackClock "0:01:49"]

1. d4 g6 2. h4 Nf6 3. Nc3 d5 4. Bf4 c5 5. e3 Nc6 6. Nb5 e5 7. dxe5 Nh5 8. Qxd5 Nxf4 9. Qxd8+ Kxd8 10. exf4 Bf5 11. O-O-O+ Kc8 12. Bc4 a6 13. Nc3 Be6 14. Bxe6+ fxe6 15. Nf3 Bh6 16. g3 Kc7 17. Rd6 Nxe5 18. Nxe5 Kxd6 19. Nf7+ Ke7 20. Nxh6 b6 21. Re1 Rhd8 22. Ng4 b5 23. Ne5 Kf6 24. Ne4+ Kg7 25. Nxc5 1-0


[Site "https://www.chess.com"]